 Dungeon Crawl Stone Soup version 0.21.1-1-g345015fe64 (webtiles) character file.

77 Holzbalken the Cudgeler (level 4, -3/35 HPs)
             Began as a Demonspawn Monk on July 15, 2018.
             Succumbed to a kobold's poison
             ... on level 3 of the Dungeon.
             The game lasted 00:06:31 (1626 turns).

Holzbalken the Cudgeler (Demonspawn Monk)           Turns: 1626, Time: 00:06:32

Health: -3/35      AC: 10    Str: 12    XL:     4   Next: 14%
Magic:  0/4        EV: 10    Int: 12    God:
Gold:   68         SH:  0    Dex: 15    Spells: 3/3 levels left

rFire    x . .     SeeInvis .   a - +0 mace
rCold    + . .     Gourm    .   (no shield)
rNeg     . . .     Faith    .   p - +0 scale mail
rPois    .         Spirit   +   (no helmet)
rElec    .         Reflect  .   i - +0 cloak
rCorr    .         Harm     .   (no gloves)
MR       .....                  o - +2 pair of boots
Stlth    +.........             (no amulet)
HPRegen  0.11/turn              j - ring of ice
MPRegen  0.09/turn              (no ring)

@: lethally poisoned (-3 -> -60)
A: magic shield
a: no special abilities


You were on level 3 of the Dungeon.
You were hungry.

You visited 1 branch of the dungeon, and saw 3 of its levels.

You collected 68 gold pieces.

Inventory:

Hand Weapons
 a - a +0 mace (weapon)
Armour
 b - a +0 robe
 h - a +1 pair of boots
 i - a +0 cloak (worn)
 k - a +0 ring mail
 o - a +2 pair of boots (worn)
 p - a +0 scale mail (worn)
Jewellery
 j - a ring of ice (left hand)
Scrolls
 e - a scroll of fog {unknown}
 g - a scroll of enchant armour {unknown}
 m - 2 scrolls of enchant weapon {unknown}
Potions
 d - a potion of heal wounds {unknown}
 l - a potion of lignification {unknown}
 n - a potion of flight {unknown}
Comestibles
 c - 3 rations
 f - 7 chunks of flesh


   Skills:
 + Level 3.4 Fighting
 + Level 3.7 Maces & Flails
 + Level 0.3 Armour
 + Level 3.2 Dodging
 + Level 1.9 Stealth


You had 3 spell levels left.
You didn't know any spells.

Dungeon Overview and Level Annotations

Branches:
Dungeon (3/15)

Altars:
Cheibriados
Dithmenos
Vehumet


Innate Abilities, Weirdness & Mutations

When hurt, damage is shared between your health and your magic reserves.


Message History

You hit the orc.
The orc is lightly wounded.
* * * LOW HITPOINT WARNING * * *
You feel very sick. The bat closely misses you. The orc misses you.
The orc barely misses you. The kobold hits you but does no damage.
You are more poisoned.
The orc completely misses you. The orc hits you.
* * * LOW HITPOINT WARNING * * *
You hit the orc.
The orc is heavily wounded.
* * * LOW HITPOINT WARNING * * *
You feel very sick. The orc hits you but does no damage.
The kobold hits you but does no damage.
You are more poisoned.
The bat barely misses you. The orc hits you with a flail.
* * * LOW HITPOINT WARNING * * *
The orc hits you but does no damage. x2; The kobold barely misses you.
You closely miss the orc.
You die...

##....###...#
..###....)......##
#......(#####.#...#
##..##....###.#.#.#
..........#..#.#.#
.###..##.......#..
#.# #.##.(...... #.
#.(o...###. #.
##.@b....<. ..
#oKoo.....
...........
...##.#.%.... #.##
#.#...... #
#.##..#.. ..# .## .
.#. ..


You could see 4 orcs, a bat and a kobold.

Vanquished Creatures
  2 oozes (D:1)
  3 dart slugs
  3 leopard geckos (D:2)
  An orc (D:3)
  3 bats
  6 giant cockroaches
  8 goblins
  7 hobgoblins
  4 jackals (D:2)
  A quokka (D:2)
  2 frilled lizards (D:1)
  7 kobolds
  6 rats
53 creatures vanquished.

Notes
Turn   | Place    | Note
-------+----------+-------------------------------------------
     0 | D:1      | Holzbalken the Demonspawn Monk began the quest for the Orb.
     0 | D:1      | Reached XP level 1. HP: 18/18 MP: 1/1
   222 | D:1      | Gained mutation: When hurt, damage is shared between your health and your magic reserves. [demonic ancestry]
   222 | D:1      | Reached XP level 2. HP: 19/24 MP: 2/2
   589 | D:1      | Reached XP level 3. HP: 29/29 MP: 3/3
  1113 | D:2      | Found a radiant altar of Vehumet.
  1132 | D:2      | Found a shadowy altar of Dithmenos.
  1278 | D:2      | Found a snail-covered altar of Cheibriados.
  1560 | D:3      | Reached XP level 4. HP: 34/35 MP: 4/4
  1626 | D:3      | Succumbed to a kobold's poison

Skill      XL: |  1  2 |
---------------+-------+-----
Maces & Flails | 3 |  3.7
Dodging        | 3 |  3.2
Fighting       | |  3.4
Armour         | |  0.3
Stealth        | |  1.9

Action                   |  1- 3 |  4- 6 || total
-------------------------+-------+-------++-------
Melee: Mace              |   138 |    28 ||   166
 Stab: Sleeping          |     1 |       ||     1
  Eat: Chunk             |     2 |       ||     2
Armor: Robe              |    25 |       ||    25
       Ring mail         |    25 |       ||    25
       Scale mail        |     2 |    34 ||    36
Dodge: Dodged            |   129 |    28 ||   157
